 Dungeon Crawl Stone Soup version 0.30-a0-719-gcc4359e (webtiles) character file.

Game seed: 6455811182545859887

807 malesh the Slasher (level 7, -11/52 HPs)
             Began as a Demonspawn Gladiator on Jan 26, 2023.
             Mangled by Edmund
             ... wielding a +5 flail of protection
              (14 damage)
             ... on level 3 of the Dungeon.
             The game lasted 00:09:16 (3577 turns).

malesh the Slasher (Demonspawn Gladiator)           Turns: 3577, Time: 00:09:16

Health: -11/52     AC:  7    Str: 14    XL:     7   Next: 60%
Magic:  7/7        EV: 13    Int: 11    God:
Gold:   190        SH:  0    Dex: 17    Spells: 6/6 levels left

rFire   . . .      SeeInvis .    a - +0 long sword
rCold   . . .      Faith    .    (no shield)
rNeg    . . .      Spirit   .    b - +0 leather armour
rPois   .          Reflect  .    (helmet restricted)
rElec   .          Harm     .    l - +0 cloak
rCorr   .          Rampage  .    p - +0 pair of gloves
Will    .....                    k - +1 pair of boots
Stlth   ++                       (no amulet)
HPRegen 0.28/turn                (no ring)
MPRegen 0.10/turn                (no ring)

@: no status effects
A: horns 1, foul stench 2, powered by death 1, big brain 1
a: no special abilities


You were on level 3 of the Dungeon.
You visited 1 branch of the dungeon, and saw 4 of its levels.

You collected 190 gold pieces.

Inventory:

Hand Weapons
 a - a +0 long sword (weapon)
 g - a +6 vampiric rapier
Missiles
 e - 7 javelins (quivered)
Armour
 b - a +0 leather armour (worn)
 k - a +1 pair of boots (worn)
 l - a +0 cloak (worn)
 p - a +0 pair of gloves (worn)
Wands
 c - a wand of charming (4)
Scrolls
 h - 2 scrolls of fog
 i - 4 scrolls of silence {unknown}
 m - a scroll of poison {unknown}
 n - a scroll of amnesia
Potions
 f - a potion of haste {unknown}
 j - 2 potions of heal wounds {unknown}
 o - a potion of curing


   Skills:
 + Level 3.5 Fighting
 + Level 5.9 Long Blades
 + Level 2.2 Throwing
 + Level 2.6 Armour
 + Level 3.9 Dodging
 + Level 2.4 Stealth


You had 6 spell levels left.
You didn't know any spells.
Your spell library was empty.

Dungeon Overview and Level Annotations

Branches:
Dungeon (4/15)
 Temple: D:4-7

Altars:
Vehumet

Shops:
D:2 [   D:3 (

Annotations:
D:3 Edmund
D:4 3 runed translucent doors, AnyaLaVert's ghost, amateur HOFi


Innate Abilities, Weirdness & Mutations

You have a pair of small horns on your head.
You sometimes emit foul miasma when damaged in melee.
You regenerate a little health from kills.
You have an unusually large brain. (Int +2)


Message History

Aim: Edmund, wielding a +5 flail of protection and wearing a +0 ring mail (strong, 65% to hit)
You throw a throwing net. The throwing net hits Edmund.
Edmund is caught in the net!
Edmund struggles against the net.
You catch the helpless Edmund completely off-guard!
You hit Edmund. You headbutt Edmund.
Edmund is lightly wounded.
Edmund struggles against the net.
You catch the helpless Edmund completely off-guard!
You hit Edmund.
Edmund is lightly wounded.
Edmund struggles against the net.
You hit Edmund.
Edmund is lightly wounded.
Edmund struggles against the net.
You slash Edmund! You headbutt Edmund, but do no damage.
Edmund is moderately wounded.
Edmund struggles against the net.
The net rips apart, and Edmund comes free!
You closely miss Edmund. You headbutt Edmund, but do no damage.
Edmund is moderately wounded.
Edmund hits you with a +5 flail of protection!
You hit Edmund.
Edmund is heavily wounded.
Edmund hits you with a +5 flail of protection!
You are too injured to fight recklessly!
You are too injured to fight recklessly!
You hit Edmund but do no damage. Your headbutt misses Edmund.
Edmund is heavily wounded.
Edmund closely misses you.
You barely miss Edmund.
Edmund is heavily wounded.
Edmund hits you with a +5 flail of protection!!
* * * LOW HITPOINT WARNING * * *
Edmund whines, "My parents never had time for me!"
Edmund hits you with a +5 flail of protection!
* * * LOW HITPOINT WARNING * * *
Edmund attacks as you move away!
Edmund hits you with a +5 flail of protection!
You die...

##)....###### #...)# ##...##
#.#### ##.## #.# #.# #.# #.#
#.# ####.######### #.#
........[....# ###.###########
####.#######.###.............#
####.# #....@@.#########.#
.....# ########...# #.#
####### #..........# #.#
......# #.#######..# #.#
#####.# #.# #..# ##.# #.# #.#
#..# #..# #.# #.# #..# #.##
#.# #.# #..# #.# #.# #.# #..#
#.#


You could see Edmund (strong).

Vanquished Creatures
  Sigmund (D:3)
  Duvessa (D:4)
  A black bear (D:4)
  An ogre (D:4)
  Dowan (D:4)
  An orc priest (D:4)
  2 iguanas (D:4)
  A hound (D:4)
  Ijyb (D:3)
  A gnoll (D:4)
  7 adders
  3 worms
  A dart slug (D:1)
  6 orcs
  6 ball pythons
  9 endoplasms
  A giant cockroach (D:4)
  14 goblins
  12 hobgoblins
  2 jackals (D:4)
  10 kobolds
  3 quokkas
  2 bats
  6 frilled lizards
  13 rats
106 creatures vanquished.

Vanquished Creatures (others)
  8 plants (D:3)
8 creatures vanquished.

Grand Total: 114 creatures vanquished

Notes
Turn   | Place    | Note
-------+----------+-------------------------------------------
     0 | D:1      | malesh the Demonspawn Gladiator began the quest for the
                  | Orb.
     0 | D:1      | Reached XP level 1. HP: 16/16 MP: 1/1
    65 | D:1      | Gained mutation: You may rarely emit foul miasma when
                  | damaged in melee. [demonic ancestry]
    65 | D:1      | Reached XP level 2. HP: 22/22 MP: 2/2
   116 | D:1      | Reached skill level 3 in Long Blades
   440 | D:1      | Gained mutation: You sometimes emit foul miasma when
                  | damaged in melee. [demonic ancestry]
   440 | D:1      | Reached XP level 3. HP: 28/28 MP: 3/3
   630 | D:2      | Reached skill level 1 in Armour
   734 | D:2      | Found Naonimal's Antique Armour Shop.
   744 | D:2      | Reached XP level 4. HP: 34/34 MP: 4/4
  1147 | D:2      | You fall into a shaft and drop 1 floor!
  1473 | D:3      | Found Akkoi's Weapon Emporium.
  1529 | D:3      | Noticed Sigmund
  1545 | D:3      | Killed Sigmund
  1546 | D:3      | Reached skill level 4 in Long Blades
  1546 | D:3      | Reached skill level 1 in Stealth
  1546 | D:3      | Gained mutation: You have a pair of small horns on your
                  | head. [demonic ancestry]
  1546 | D:3      | Reached XP level 5. HP: 26/40 MP: 5/5
  1546 | D:3      | Gained mutation: You regenerate a little health from kills.
                  | [demonic ancestry]
  1546 | D:3      | Reached XP level 6. HP: 30/46 MP: 6/6
  2041 | D:3      | Noticed Ijyb
  2059 | D:3      | Killed Ijyb
  2661 | D:4      | Found a runed translucent gate.
  2662 | D:4      | Found a runed translucent gate.
  2662 | D:4      | Found a runed translucent gate.
  2779 | D:4      | Noticed Duvessa
  2783 | D:4      | Reached skill level 5 in Long Blades
  2797 | D:4      | Killed Duvessa
  2798 | D:4      | Gained mutation: You have an unusually large brain. (Int
                  | +2) [demonic ancestry]
  2798 | D:4      | Reached XP level 7. HP: 47/52 MP: 7/7
  2844 | D:4      | Noticed Dowan
  2850 | D:4      | Killed Dowan
  3004 | D:4      | Noticed AnyaLaVert's ghost (amateur HOFi)
  3140 | D:4      | Found a radiant altar of Vehumet.
  3478 | D:4      | Noticed Edmund
  3575 | D:3      | HP: 2/52 [Edmund/+5 flail of protection (10)]
  3577 | D:3      | Mangled by Edmund

Illustrated notes

Levels and vault maps discovered:
D:1:      dpeg_arrival_pits, layout_rooms, serial_curves, eino_curves_03,
          eino_curves_04
D:2:      layout_loops_cross, serial_shops, nicolae_shop_advertising_works
          [nicolae_subvault_shop_adworks], skrybe_limestone_x
D:3:      layout_loops_ring, serial_shops, nicolae_lakefront_shop,
          lexackson_kobold_supper, uniq_ijyb, uniq_sigmund
D:4:      layout_loops_cross, mainiacjoe_overflow_catwalk, zin_treasury,
          biasface_ghost_orc_armoury, kennysheep_cluttered_room, uniq_edmund,
          uniq_duvessa

Skill      XL: |  1  2  3  4  5  6  7 |
---------------+----------------------+-----
Long Blades    | 3 4 5 |  5.9
Throwing       | 2 |  2.2
Dodging        | 3 |  3.9
Armour         | 1 2 |  2.6
Stealth        | 1 2 |  2.4
Fighting       | 3 |  3.5

Action                     |  1- 3 |  4- 6 |  7- 9 || total
---------------------------+-------+-------+-------++-------
  Melee: Long sword        |   101 |   144 |    72 ||   317
         Headbutt          |       |    14 |    13 ||    27
         Punch             |       |     1 |     1 ||     2
  Throw: Throwing net      |       |     4 |     1 ||     5
         Javelin           |       |       |     2 ||     2
    Use: Scroll            |       |     6 |       ||     6
         Potion            |       |     1 |       ||     1
   Stab: Sleeping          |       |     5 |     2 ||     7
         Held in net/web   |       |     1 |     2 ||     3
 Armour: Leather armour    |    47 |    34 |    20 ||   101
  Dodge: Dodged            |    68 |    75 |    52 ||   195

Table legend: (Time is in decaauts)
 A = Elapsed time spent in this place.
 B = Non-inter-level travel time spent in this place.
 C = Inter-level travel time spent in this place.
 D = Time resting spent in this place.
 E = Time spent auto-exploring this place.
 F = Levels seen in this place.
 G = Mean time per level.
                   A        B        C        D        E       F      G
               +--------+--------+--------+--------+--------+-----+--------+
         Total |   3641 |   3438 |    203 |    168 |   2441 |   4 |  910.2 |
       Dungeon |   3641 |   3438 |    203 |    168 |   2441 |   4 |  910.2 |
               +--------+--------+--------+--------+--------+-----+--------+

Top non-repeatable levels by time:
     D:3: 1431 daAuts
     D:4: 891 daAuts
     D:2: 760 daAuts
     D:1: 558 daAuts
